 Dungeon Crawl Stone Soup version 0.28-a0-793-g31680bbd8b (webtiles) character file.

Game seed: 5501443922478895939

1789 Ijustatesigmund the Shield-Bearer (level 9, -7/73 HPs)
             Began as a Gnoll Fighter on Nov 4, 2021.
             Was a Believer of Cheibriados.
             Mangled by Harold (15 damage)
             ... on level 7 of the Dungeon.
             The game lasted 00:11:52 (7450 turns).

Ijustatesigmund the Shield-Bearer (Gnoll Fighter)   Turns: 7450, Time: 00:11:53

Health: -7/73      AC: 13    Str: 18 (21) XL:     9   Next: 8%
Magic:  14/14      EV: 12    Int: 14 (16) God:    Cheibriados [**....]
Gold:   240        SH: 11    Dex: 19 (22) Spells: 15/15 levels left

rFire   . . .      SeeInvis .   a - +0 war axe (elec)
rCold   . . .      Faith    .   c - +0 kite shield
rNeg    . . .      Spirit   .   b - +0 chain mail
rPois   .          Reflect  .   (no helmet)
rElec   .          Harm     .   (no cloak)
rCorr   .          Rampage  .   f - +1 pair of gloves
Will    .....                   (no boots)
Stlth   ..........              (no amulet)
HPRegen 0.22/turn               j - +6 ring of dexterity
MPRegen 0.14/turn               t - +4 ring of evasion

@: brilliant, marked, attractive, very slow
A: fangs 1, strong nose, distributed training
a: Renounce Religion, Bend Time


You were on level 7 of the Dungeon.
You worshipped Cheibriados.
Cheibriados was pleased with you.
You visited 2 branches of the dungeon, and saw 8 of its levels.

You collected 240 gold pieces.

Inventory:

Hand Weapons
 a - a +0 war axe of electrocution (weapon)
 g - a +3 hunting sling
Missiles
 l - 7 poisoned darts (quivered)
 n - 2 throwing nets
Armour
 b - a +0 chain mail (worn)
 c - a +0 kite shield (worn)
 f - a +1 pair of gloves (worn)
Jewellery
 j - a +6 ring of dexterity (left hand)
 m - a ring of protection from cold
 t - a +4 ring of evasion (right hand)
 w - the amulet "Mekhlimea" {Reflect rElec SH+5}
   (You found it on level 7 of the Dungeon)

   [amulet of reflection]

   It reflects blocked missile attacks.
   rElec:     It insulates you from electricity.
   SH:        It affects your SH (+5).
Wands
 k - a wand of iceblast (8)
 q - a wand of flame (58)
 r - a wand of digging (3)
 v - a wand of polymorph (12)
Scrolls
 i - 2 scrolls of identify
Potions
 d - a potion of flight
 h - 2 potions of attraction


   Skills:
 + Level 7.7 Fighting
 + Level 3.9 Short Blades
 + Level 3.9 Long Blades
 + Level 6.1 Axes
 + Level 3.9 Maces & Flails
 + Level 3.9 Polearms
 + Level 3.9 Staves
 + Level 3.9 Slings
 + Level 3.9 Bows
 + Level 3.9 Crossbows
 + Level 3.9 Throwing
 + Level 7.7 Armour
 + Level 3.9 Dodging
 + Level 3.9 Stealth
 + Level 7.7 Shields
 + Level 3.9 Unarmed Combat
 + Level 3.9 Spellcasting
 + Level 3.2 Conjurations
 + Level 3.2 Hexes
 + Level 3.2 Summonings
 + Level 3.2 Necromancy
 + Level 3.2 Translocations
 + Level 3.2 Transmutations
 + Level 3.2 Fire Magic
 + Level 3.2 Ice Magic
 + Level 3.2 Air Magic
 + Level 3.2 Earth Magic
 + Level 3.2 Poison Magic
 + Level 4.3 Invocations
 + Level 3.9 Evocations


You had 15 spell levels left.
You didn't know any spells.
Your spell library contained the following spells:

 Spells                   Type           Power      Damage    Failure   Level
 Sandblast                Erth           34%        2d9       80%         1
 Passwall                 Tmut/Erth      14%        N/A       90%         2
 Sublimation of Blood     Necr           17%        N/A       90%         2
 Stone Arrow              Conj/Erth      34%        3d9       99%         3
 Petrify                  Tmut/Erth      17%        N/A       100%        4
 Irradiate                Conj/Tmut      8%         3d16      100%        5


Dungeon Overview and Level Annotations

Branches:
Dungeon (7/15)             Temple (1/1) D:4

Altars:
Cheibriados
Dithmenos
Elyvilon
Fedhas
Gozag
Hepliaklqana
Makhleb
Nemelex Xobeh
Okawaru
Qazlal
Sif Muna
Vehumet
Wu Jian
Xom
Yredelemnul
Zin
The Shining One

Annotations:
D:4 3 runed translucent doors, 1994's ghost, weakling FeTm
D:7 Harold


Innate Abilities, Weirdness & Mutations

You have very sharp teeth.
Your uncanny sense of smell can sniff out nearby items.
Your experience applies equally to all skills.


Message History

Harold draws strength from your wounds! You block the scorpion's attack.
You barely miss Harold.
Harold is lightly wounded.
You closely miss the scorpion.
Harold hits you with a +1 vampiric war axe!
The scorpion stings you.
You are poisoned.
The scorpion poisons you! Harold completely misses you.
You feel better.
The scorpion stings you but does no damage.
Harold hits you with a +1 vampiric war axe.
Harold draws strength from your wounds! The scorpion stings you.
You are poisoned.
The scorpion poisons you!
Okay, then.
It was a potion of brilliance.
You feel clever all of a sudden.
You feel sick. You block the scorpion's attack.
Harold hits you with a +1 vampiric war axe!
* * * LOW HITPOINT WARNING * * *
Harold draws strength from your wounds!
It was a potion of degeneration.
There was something very wrong with that liquid.
You feel weakened.
You feel dopey.
You feel clumsy.
You feel sick. You block the scorpion's attack. You block Harold's attack.
It was a potion of ambrosia.
You are confused.
You feel invigorated.
You feel sick. The scorpion misses you.
Harold hits you with a +1 vampiric war axe!
* * * LOW HITPOINT WARNING * * *
You feel better.
You feel less invigorated. The scorpion barely misses you.
Harold hits you with a +1 vampiric war axe!
* * * LOW HITPOINT WARNING * * *
Aiming: Polymorph
Press: ? - help, Shift-Dir - straight line, f/p - Harold
Aim: Harold, wielding a +1 vampiric war axe, wearing a +0 scale mail and quivering a throwing net (lightly wounded, will become a sea snake, a death drake, or a redback, chance to affect: 23%) Harold resists with almost no effort.
The scorpion stings you but does no damage.
Harold hits you with a +1 vampiric war axe!
You die...

####.....####### . ##
#.....# #.# ...#.....#
...
...#.....########+#.#.#
?.................>....
...............†#.#
###############...# #
##..# # #@.# # #@s# #
#..# #..# #..# #..#
#..# ...#


You could see Harold and a scorpion.

Vanquished Creatures
  A wyvern (D:5)
  Eustachio (D:6)
  A water moccasin (D:7)
  An orc warrior (D:6)
  2 ice beasts
  3 sky beasts
  A phantom (D:6)
  A scorpion (D:4)
  A howler monkey (D:6)
  A gnoll shaman (D:4)
  A bullfrog zombie (D:4)
  A jelly (D:7)
  A centaur skeleton (D:6)
  2 hounds (D:5)
  An orc priest (D:4)
  3 iguanas
  2 orc wizards (D:4)
  A scorpion zombie (D:5)
  2 hound zombies
  2 hound skeletons
  A howler monkey zombie (D:6)
  7 adders
  9 gnolls
  A dart slug (D:2)
  17 orcs
  7 ball pythons
  3 endoplasms
  8 giant cockroaches
  4 goblins
  8 hobgoblins
  5 jackals
  6 bats
  2 frilled lizards (D:1)
  7 kobolds
  2 rats
116 creatures vanquished.

Notes
Turn   | Place    | Note
-------+----------+-------------------------------------------
     0 | D:1      | Ijustatesigmund the Gnoll Fighter began the quest for the
                  | Orb.
     0 | D:1      | Reached XP level 1. HP: 23/23 MP: 1/1
   210 | D:1      | Reached XP level 2. HP: 29/29 MP: 2/2
   657 | D:2      | Reached skill level 1 in Invocations
   657 | D:2      | Reached XP level 3. HP: 22/35 MP: 2/4
   996 | D:2      | Reached skill level 1 in Short Blades
   996 | D:2      | Reached skill level 1 in Long Blades
   996 | D:2      | Reached skill level 1 in Maces & Flails
   996 | D:2      | Reached skill level 1 in Polearms
   996 | D:2      | Reached skill level 1 in Staves
   996 | D:2      | Reached skill level 1 in Slings
   996 | D:2      | Reached skill level 1 in Bows
   996 | D:2      | Reached skill level 1 in Crossbows
   996 | D:2      | Reached skill level 1 in Throwing
   996 | D:2      | Reached skill level 1 in Dodging
   996 | D:2      | Reached skill level 1 in Stealth
   996 | D:2      | Reached skill level 1 in Unarmed Combat
   996 | D:2      | Reached skill level 1 in Spellcasting
   996 | D:2      | Reached skill level 1 in Evocations
  1545 | D:2      | Reached XP level 4. HP: 39/41 MP: 5/5
  2190 | D:3      | Reached skill level 1 in Conjurations
  2190 | D:3      | Reached skill level 1 in Hexes
  2190 | D:3      | Reached skill level 1 in Summonings
  2190 | D:3      | Reached skill level 1 in Necromancy
  2190 | D:3      | Reached skill level 1 in Translocations
  2190 | D:3      | Reached skill level 1 in Transmutations
  2190 | D:3      | Reached skill level 1 in Fire Magic
  2190 | D:3      | Reached skill level 1 in Ice Magic
  2190 | D:3      | Reached skill level 1 in Air Magic
  2190 | D:3      | Reached skill level 1 in Earth Magic
  2190 | D:3      | Reached skill level 1 in Poison Magic
  2841 | D:4      | Found a staircase to the Ecumenical Temple.
  2848 | Temple   | Entered the Ecumenical Temple
  3057 | Temple   | Became a worshipper of Cheibriados the Contemplative
  3203 | D:4      | Found a hazy altar of Hepliaklqana.
  3482 | D:4      | Reached XP level 5. HP: 47/47 MP: 6/6
  3580 | D:4      | Reached XP level 6. HP: 44/53 MP: 8/8
  3641 | D:4      | Found a runed translucent gate.
  3641 | D:4      | Found a runed translucent gate.
  3641 | D:4      | Found a runed translucent gate.
  3641 | D:4      | Noticed 1994's ghost (weakling FeTm)
  3643 | D:4      | Found a basalt altar of Yredelemnul.
  3752 | D:4      | Reached skill level 5 in Axes
  4769 | D:5      | Entered Level 5 of the Dungeon
  4878 | D:5      | Reached * piety under Cheibriados
  4879 | D:5      | Reached XP level 7. HP: 50/59 MP: 10/10
  5832 | D:5      | Reached XP level 8. HP: 67/67 MP: 12/12
  6030 | D:5      | Noticed a wyvern
  6036 | D:5      | Killed a wyvern
  6423 | D:6      | Found a radiant altar of Vehumet.
  6526 | D:6      | Reached ** piety under Cheibriados
  6757 | D:6      | Noticed Eustachio
  6762 | D:6      | Killed Eustachio
  6886 | D:6      | Found a stormy altar of Qazlal.
  6949 | D:6      | Found a blossoming altar of Fedhas.
  7039 | D:6      | Reached XP level 9. HP: 72/72 MP: 14/14
  7371 | D:7      | Identified the +1 robe "Tegi" {Harm rPois Str-3}
  7409 | D:7      | Identified the amulet "Mekhlimea" {Reflect rElec SH+5}
  7431 | D:7      | Noticed Harold
  7450 | D:7      | Mangled by Harold

Illustrated notes

Levels and vault maps discovered:
D:1:      lemuel_arrival_funnel, layout_loops_cross
D:2:      layout_loops_ring, kennysheep_big_empty_room
D:3:      layout_basic, hangedman_abyss_or_decor_lesser_grid,
          kennysheep_generic_room_14
D:4:      layout_loops_corners, nzn_hepliaklqana_mist_gate,
          nicolae_yredelemnul_ghost_church, minmay_temple_entry_statues_pillars
D:5:      layout_layer_cave, portal_sewer_entry_f, nrook_uturn
D:6:      layout_rooms, fedhas_altar_fruit_tree, vehumet_altar_wand_db,
          overflow_temple_1_default, kennysheep_opposing_triangles,
          uniq_eustachio
D:7:      layout_basic, mainiacjoe_overflow_alcove_2, nicolae_ru_path_of_blood,
          st_stairs_8, uniq_duvessa, uniq_harold
Temple:   hc_temple_tempest_star

Skill      XL: |  1  2  3  4  5  6  7  8 |
---------------+-------------------------+-----
Invocations    | 1 2 3 4 |  4.3
Short Blades   | 1 2 3 |  3.9
Long Blades    | 1 2 3 |  3.9
Maces & Flails | 1 2 3 |  3.9
Polearms       | 1 2 3 |  3.9
Staves         | 1 2 3 |  3.9
Slings         | 1 2 3 |  3.9
Bows           | 1 2 3 |  3.9
Crossbows      | 1 2 3 |  3.9
Throwing       | 1 2 3 |  3.9
Dodging        | 1 2 3 |  3.9
Stealth        | 1 2 3 |  3.9
Unarmed Combat | 1 2 3 |  3.9
Spellcasting   | 1 2 3 |  3.9
Evocations     | 1 2 3 |  3.9
Conjurations   | 1 2 3 |  3.2
Hexes          | 1 2 3 |  3.2
Summonings     | 1 2 3 |  3.2
Necromancy     | 1 2 3 |  3.2
Translocations | 1 2 3 |  3.2
Transmutations | 1 2 3 |  3.2
Fire Magic     | 1 2 3 |  3.2
Ice Magic      | 1 2 3 |  3.2
Air Magic      | 1 2 3 |  3.2
Earth Magic    | 1 2 3 |  3.2
Poison Magic   | 1 2 3 |  3.2
Axes           | 5 6 |  6.1
Fighting       | 7 |  7.7
Armour         | 7 |  7.7
Shields        | 7 |  7.7

Action                   |  1- 3 |  4- 6 |  7- 9 || total
-------------------------+-------+-------+-------++-------
Melee: War axe           |    64 |   159 |   138 ||   361
       Bite              |     5 |    16 |    24 ||    45
Throw: Dart              |       |    13 |     5 ||    18
Evoke: Wand              |       |       |    10 ||    10
  Use: Scroll            |     3 |     4 |     1 ||     8
       Potion            |       |     3 |    10 ||    13
Armor: Scale mail        |    28 |       |       ||    28
       Chain mail        |    10 |    89 |    63 ||   162
Dodge: Dodged            |    28 |    39 |    47 ||   114
Block: Buckler           |    16 |    12 |       ||    28
       Kite shield       |       |    83 |    97 ||   180

Table legend: (Time is in decaauts)
 A = Elapsed time spent in this place.
 B = Non-inter-level travel time spent in this place.
 C = Inter-level travel time spent in this place.
 D = Time resting spent in this place.
 E = Time spent auto-exploring this place.
 F = Levels seen in this place.
 G = Mean time per level.
                   A        B        C        D        E       F      G
               +--------+--------+--------+--------+--------+-----+--------+
         Total |   8585 |   8341 |    244 |   1265 |   5863 |   8 | 1073.1 |
       Dungeon |   8364 |   8132 |    232 |   1265 |   5685 |   7 | 1194.9 |
        Temple |    221 |    209 |     12 |      0 |    178 |   1 |  221.0 |
               +--------+--------+--------+--------+--------+-----+--------+

Top non-repeatable levels by time:
     D:4: 2065 daAuts
     D:5: 2016 daAuts
     D:3: 1110 daAuts
     D:6: 1107 daAuts
     D:2: 1094 daAuts
     D:1: 648 daAuts
     D:7: 322 daAuts
  Temple: 221 daAuts
